 Dungeon Crawl Stone Soup version 0.24-a0-81-gd227540562 (webtiles) character file.

Game seed: 8032134206311980689

22608 LLavrengius the Fighter (level 13, -8/93 HPs)
             Began as an Octopode Transmuter on Feb 6, 2019.
             Was an Initiate of Gozag.
             Mangled by a five-headed hydra (12 damage)
             ... on level 6 of the Lair of Beasts on Feb 7, 2019.
             The game lasted 01:14:20 (19996 turns).

LLavrengius the Fighter (Octopode Transmuter)      Turns: 19996, Time: 01:14:21

Health: -8/93      AC:  2    Str: 10    XL:     13   Next: 1%
Magic:  0/25       EV: 29    Int: 20    God:    Gozag
Gold:   1149       SH:  0    Dex: 17    Spells: 7/29 levels left

rFire    . . .     SeeInvis .     - Unarmed
rCold    + . .     Gourm    .   (shield currently unavailable)
rNeg     . . .     Faith    .   (helmet currently unavailable)
rPois    x         Spirit   +   d - amulet of guardian spirit
rElec    .         Reflect  .   A - ring of protection from magic
rCorr    .         Harm     .   K - ring of protection from cold
MR       +....                  (no ring)
Stlth    +.........             (no ring)
HPRegen  0.25/turn              (no ring)
MPRegen  0.19/turn              (no ring)
                                (no ring)
                                (no ring)

@: spider-form, silence, very slightly contaminated
A: tiny, almost no armour, stealthy swim, (amphibious), 8 rings, (constrict 8),
repulsion field 1
a: End Transformation, Renounce Religion


You were on level 6 of the Lair of Beasts.
You worshipped Gozag.
Gozag was most pleased with you.
You were very hungry.
You were a venomous arachnid creature.
You visited 2 branches of the dungeon, and saw 16 of its levels.

You collected 2799 gold pieces.
You spent 90 gold pieces at shops.
You paid 1560 gold pieces to Gozag.

Inventory:

Hand Weapons
 h - a +2 spear of venom
 j - a +0 blowgun
 l - a +0 hunting sling
 m - a +0 trident
Missiles
 a - 258 arrows
 b - 323 stones (quivered)
 n - 51 poisoned needles
 M - 6 curare-tipped needles
Jewellery
 d - an amulet of guardian spirit (around neck)
 i - an uncursed amulet of magic regeneration
 u - a +3 amulet of reflection
 A - a ring of protection from magic (left front leg)
 K - a ring of protection from cold (right front leg)
Wands
 s - a wand of enslavement (11)
 w - a wand of polymorph (13)
 G - a wand of acid (5)
 L - a wand of flame (28)
 N - a wand of digging (5)
Scrolls
 e - 11 scrolls of remove curse
 f - 4 scrolls of enchant weapon
 g - 6 scrolls of identify
 k - a scroll of immolation {unknown}
 o - 2 scrolls of enchant armour
 q - 4 scrolls of amnesia
 t - 2 scrolls of noise
 v - a scroll of fear {unknown}
 x - a scroll of acquirement {unknown}
 y - a scroll of blinking
 B - 2 scrolls of random uselessness {unknown}
 C - a scroll of teleportation {unknown}
 E - 2 scrolls of summoning {unknown}
 F - 2 scrolls of silence
 I - a scroll of fog {unknown}
Potions
 p - 3 potions of curing
 r - 2 potions of agility
 D - 2 potions of haste {unknown}
 H - 3 potions of flight
 J - a potion of magic {unknown}
 O - a potion of invisibility {unknown}
Comestibles
 c - 19 rations


   Skills:
 + Level 10.3 Fighting
 - Level 8.0 Dodging
 - Level 9.0 Unarmed Combat
 + Level 8.9 Spellcasting
 - Level 2.1 Hexes
 + Level 5.9 Summonings
 - Level 9.0 Transmutations
 - Level 4.0 Ice Magic
 - Level 2.0 Air Magic


You had 7 spell levels left.
You knew the following spells:

 Your Spells              Type           Power        Failure   Level  Hunger
a - Beastly Appendage     Tmut           #####.       2%          1    None
b - Sticks to Snakes      Tmut           #####...     2%          2    None
c - Spider Form           Tmut/Pois      ####......   12%         3    None
d - Ice Form              Ice/Tmut       #####...     16%         4    ###....
e - Confusing Touch       Hex            ###...       11%         1    None
f - Summon Ice Beast      Ice/Summ       ####....     24%         4    ###....
g - Ozocubu's Armour      Chrm/Ice       ###.....     24%         3    None
h - Summon Lightning Spi  Summ/Air       ###.....     34%         4    ###....

Your spell library contained the following spells:

 Spells                   Type           Power        Failure   Level  Hunger
 Summon Butterflies       Summ           ####....     4%          1    None
 Summon Small Mammal      Summ           ####         4%          1    None
 Call Imp                 Summ           ####....     5%          2    None
 Freeze                   Ice            ####         7%          1    None
 Call Canine Familiar     Summ           ####....     8%          3    None
 Summon Guardian Golem    Hex/Summ       ####....     13%         3    None
 Throw Frost              Conj/Ice       ###...       14%         2    None
 Blade Hands              Tmut           #####.....   16%         5    #####..
 Animate Skeleton         Necr           N/A          21%         1    None
 Apportation              Tloc           #.....       21%         1    None
 Infusion                 Chrm           #...         21%         1    None
 Pain                     Necr           #...         21%         1    None
 Tukima's Dance           Hex            ###.....     24%         3    None
 Shroud of Golubria       Chrm/Tloc      #.........   28%         2    None
 Song of Slaying          Chrm           #.......     28%         2    None
 Spectral Weapon          Hex/Chrm       ##......     34%         3    None
 Lesser Beckoning         Tloc           #.........   45%         3    None
 Regeneration             Chrm/Necr      #.........   45%         3    None
 Vampiric Draining        Necr           #.........   45%         3    None
 Throw Icicle             Conj/Ice       ###.....     54%         4    ###....
 Alistair's Intoxication  Tmut/Pois      ####....     54%         5    #####..
 Animate Dead             Necr           N/A          80%         4    ###....
 Bolt of Magma            Conj/Fire/Erth #.........   98%         5    #####..
 Iskenderun's Battlesphe  Conj/Chrm      #.......     98%         5    #####..
 Venom Bolt               Conj/Pois      #.........   98%         5    #####..
 Invisibility             Hex            ###.....     100%        6    ######.
 Iron Shot                Conj/Erth      #.........   100%        6    ######.
 Orb of Destruction       Conj           #.........   100%        7    #######
 Spellforged Servitor     Conj/Summ      ###.......   100%        7    #######


Dungeon Overview and Level Annotations

Branches:
Dungeon (11/15)            Temple (0/1) D:7            Lair (4/6) D:10
 Shoals (0/4) Lair:2        Snake (0/4) Lair:4
    Orc: D:9-12

Altars:
Ashenzari
Cheibriados
Dithmenos
Elyvilon
Fedhas
Gozag
Hepliaklqana
Kikubaaqudgha
Makhleb
Okawaru
Sif Muna
Vehumet
Yredelemnul
The Shining One

Shops:
D:5 ?


Innate Abilities, Weirdness & Mutations

You cannot wear most types of armour.
You are very stealthy in the water. (Stealth+)
((You are amphibious.))
You can wear up to eight rings at the same time.
((You can use your tentacles to constrict eight enemies at once.))
((Your skin changes colour to match your surroundings (Stealth+).))
((Your rubbery body absorbs attacks. (AC +1, EV +1)))
You are surrounded by a mild repulsion field. (EV +2)
((Your flesh is heat resistant. (rF+)))


Message History

* * * LOW HITPOINT WARNING * * *
The five-headed hydra bites you!
* * * LOW HITPOINT WARNING * * *
The five-headed hydra barely misses you.
You hit the five-headed hydra.
The five-headed hydra looks as sick as possible!
The five-headed hydra is moderately wounded.
You hit the five-headed hydra.
The five-headed hydra looks as sick as possible!
The five-headed hydra is moderately wounded.
The five-headed hydra completely misses you.
The five-headed hydra bites you!
* * * LOW HITPOINT WARNING * * *
The five-headed hydra completely misses you. x3
You bite the five-headed hydra!
The five-headed hydra is heavily wounded.
The five-headed hydra completely misses you.
The five-headed hydra misses you. The five-headed hydra bites you!
You die...
Your body crumbles into a pile of gold.

#........##....
#..._......P...
#............ .
##..............
##........P.#.....
#.#..#...####......
####.................
##D$..............
#s##..............
###...............
#............[..
####....P...[...
#.Y.##.......
#....Y.....#.
##..#Y.Y.....
#..##.......
#..##.......


You could see a five-headed hydra.

Vanquished Creatures
  3 hydras
  Harold (D:9)
  A two-headed ogre (D:10)
  Pikel (D:6)
  A black mamba (Lair:6)
  5 spiny frogs
  A centaur skeleton (D:10)
  2 komodo dragons
  A polar bear (Lair:2)
  A troll (D:10)
  2 hornets (Lair:2)
  2 dream sheep (D:9)
  5 hippogriffs
  Sigmund (D:5)
  2 wyverns
  Eustachio (D:6)
  3 basilisks
  33 yaks
  2 hungry ghosts
  3 nagas (Lair:4)
  Menkaure (D:6)
  7 water moccasins
  2 orc warriors
  3 ice beasts
  5 porcupines
  2 sky beasts
  3 phantoms
  2 slaves (D:6)
  9 ogres
  7 black bears
  2 necrophages
  9 wolves (Lair:6)
  2 centaurs
  9 crocodiles
  4 big kobolds
  8 bullfrogs
  4 scorpions
  5 killer bees
  2 wights (D:10)
  4 howler monkeys
  A quasit (D:7)
  3 hounds
  3 jellies
  Crazy Yiuf (D:3)
  2 orc priests
  4 orc wizards
  2 bullfrog skeletons (D:10)
  4 iguanas
  8 worker ants
  2 hound skeletons
  8 gnolls
  19 adders
  4 shadow imps
  2 oozes
  2 adder zombies
  2 worms
  2 adder skeletons
  3 dart slugs
  9 leopard geckos
  18 orcs
  6 giant cockroaches
  7 goblins
  7 hobgoblins
  5 jackals
  5 quokkas
  5 bats
  6 frilled lizards
  13 kobolds
  A leopard gecko skeleton (D:5)
  A quokka skeleton (D:4)
  7 rats
323 creatures vanquished.

Vanquished Creatures (collateral kills)
  A wight (D:10)
1 creature vanquished.

Vanquished Creatures (others)
  2 slaves (D:6)
  An ice beast (D:5)
  A human (D:2)
  2 orc priests (D:5)
  2 orcs (D:5)
  10 fungi
  22 plants
40 creatures vanquished.

Grand Total: 364 creatures vanquished

Notes
Turn   | Place    | Note
-------+----------+-------------------------------------------
     0 | D:1      | LLavrengius the Octopode Transmuter began the quest for the
                  | Orb.
     0 | D:1      | Reached XP level 1. HP: 13/13 MP: 3/3
   249 | D:1      | Reached XP level 2. HP: 18/18 MP: 5/5
   340 | D:1      | Found a glowing golden altar of the Shining One.
   879 | D:1      | Reached XP level 3. HP: 21/23 MP: 6/6
  1483 | D:2      | Learned a level 2 spell: Sticks to Snakes
  1487 | D:2      | Learned a level 3 spell: Spider Form
  1899 | D:2      | Reached XP level 4. HP: 14/28 MP: 3/8
  2500 | D:2      | Found an ancient bone altar of Kikubaaqudgha.
  2501 | D:2      | Noticed a human
  2503 | D:2      | Killed a human
  2985 | D:3      | You fall through a shaft!
  3051 | D:3      | Found an iron altar of Okawaru.
  3076 | D:3      | Found a snail-covered altar of Cheibriados.
  3204 | D:3      | Reached XP level 5. HP: 19/33 MP: 5/9
  3841 | D:3      | Found a hazy altar of Hepliaklqana.
  3870 | D:3      | Found an ancient bone altar of Kikubaaqudgha.
  3876 | D:3      | Found a deep blue altar of Sif Muna.
  3878 | D:3      | Found a radiant altar of Vehumet.
  3882 | D:3      | Identified Sif Muna's Volume of Curses
  3942 | D:3      | Found a runed translucent door.
  3944 | D:3      | Noticed Crazy Yiuf
  3954 | D:3      | Killed Crazy Yiuf
  4564 | D:5      | Entered Level 5 of the Dungeon
  4564 | D:5      | Noticed an ogre
  4580 | D:5      | Killed an ogre
  4580 | D:5      | Reached skill level 5 in Transmutations
  4580 | D:5      | Reached XP level 6. HP: 38/38 MP: 8/11
  4654 | D:5      | Noticed an ice beast
  4663 | D:5      | Killed an ice beast
  4738 | D:5      | Found a basalt altar of Yredelemnul.
  4871 | D:5      | HP: 1/38 [iguana (10)]
  5110 | D:5      | Upgraded the game from 0.24-a0-69-g55f835606b to
                  | 0.24-a0-81-gd227540562
  5122 | D:5      | Found an iron altar of Okawaru.
  5310 | D:5      | Noticed Sigmund
  5327 | D:5      | Found Gim Miwi's Magic Scroll Boutique.
  5346 | D:5      | Killed Sigmund
  5346 | D:5      | Reached XP level 7. HP: 41/43 MP: 9/13
  5361 | D:5      | Bought a scroll of blinking for 90 gold pieces
  5740 | D:6      | Noticed Eustachio
  6078 | D:6      | Noticed Pikel
  6183 | D:6      | Killed Pikel
  6183 | D:6      | Reached skill level 5 in Spellcasting
  6183 | D:6      | Reached XP level 8. HP: 14/48 MP: 6/16
  6346 | D:6      | Killed Eustachio
  7399 | D:6      | Noticed Menkaure
  7409 | D:6      | Found an opulent altar of Gozag.
  7416 | D:6      | Became a worshipper of Gozag Ym Sagoz the Greedy
  7458 | D:6      | Reached skill level 2 in Fighting
  7458 | D:6      | Reached XP level 9. HP: 46/54 MP: 15/18
  7541 | D:4      | Gained mutation: You are surrounded by a mild repulsion
                  | field. (EV +2) [potion of mutation]
  7541 | D:4      | Gained mutation: Your flesh is heat resistant. (rF+)
                  | [potion of mutation]
  8589 | D:6      | Reached skill level 3 in Fighting
  8789 | D:6      | Killed Menkaure
  9088 | D:7      | Found a staircase to the Ecumenical Temple.
  9214 | D:8      | Learned a level 4 spell: Ice Form
  9247 | D:8      | Reached skill level 5 in Unarmed Combat
  9373 | D:8      | Reached skill level 4 in Fighting
 10447 | D:9      | Reached skill level 5 in Dodging
 10495 | D:9      | Noticed Harold
 10498 | D:9      | Reached XP level 10. HP: 34/65 MP: 9/19
 10500 | D:9      | Reached skill level 5 in Fighting
 10533 | D:9      | Killed Harold
 10554 | D:9      | Reached skill level 6 in Fighting
 10992 | D:9      | Noticed a two-headed ogre
 10992 | D:9      | Noticed a centaur warrior
 10992 | D:9      | Noticed a centaur warrior
 11130 | D:9      | Found a burning altar of Makhleb.
 11624 | D:7      | Found a shadowy altar of Dithmenos.
 11633 | D:7      | Found a shattered altar of Ashenzari.
 11678 | D:7      | Found a white marble altar of Elyvilon.
 11712 | D:7      | Reached skill level 7 in Fighting
 11852 | D:7      | Found a blossoming altar of Fedhas.
 12110 | D:10     | Entered Level 10 of the Dungeon
 12119 | D:10     | Found a staircase to the Lair.
 12147 | D:10     | Reached XP level 11. HP: 74/75 MP: 14/20
 12749 | D:10     | Found a shattered altar of Ashenzari.
 12751 | D:10     | Noticed a two-headed ogre
 12752 | D:10     | Learned a level 1 spell: Confusing Touch
 12773 | D:10     | Killed a two-headed ogre
 12773 | D:10     | Reached skill level 8 in Fighting
 12994 | D:9      | Noticed a two-headed hydra
 13002 | D:9      | Killed a two-headed hydra
 13206 | D:10     | Learned a level 4 spell: Summon Ice Beast
 13700 | D:10     | Reached skill level 1 in Hexes
 13700 | D:10     | Reached skill level 1 in Summonings
 13700 | D:10     | Reached skill level 1 in Ice Magic
 14043 | D:11     | Noticed a skeletal warrior
 14092 | Lair:1   | Entered Level 1 of the Lair of Beasts
 15397 | Lair:2   | Reached XP level 12. HP: 77/84 MP: 18/23
 15463 | Lair:2   | Found a staircase to the Shoals.
 15557 | Lair:2   | Reached skill level 9 in Fighting
 16906 | Lair:3   | Noticed a seven-headed hydra
 16921 | Lair:3   | Killed a seven-headed hydra
 17838 | Lair:3   | Learned a level 3 spell: Ozocubu's Armour
 17843 | Lair:3   | Learned a level 4 spell: Summon Lightning Spire
 18308 | Lair:4   | Found a staircase to the Snake Pit.
 18343 | Lair:4   | Reached skill level 1 in Air Magic
 18352 | Lair:4   | Noticed a six-headed hydra
 18512 | Lair:3   | Killed a six-headed hydra
 19124 | Lair:4   | You fall through a shaft for 2 floors!
 19124 | Lair:6   | Entered Level 6 of the Lair of Beasts
 19124 | Lair:6   | Found a radiant altar of Vehumet.
 19322 | Lair:6   | Reached skill level 5 in Summonings
 19616 | Lair:6   | Reached skill level 10 in Fighting
 19977 | Lair:6   | Reached XP level 13. HP: 20/93 MP: 12/25
 19995 | Lair:6   | HP: 3/93 [five-headed hydra (9)]
 19996 | Lair:6   | Mangled by a five-headed hydra

Levels and vault maps discovered:

Skill      XL: |  1  2  3  4  5  6  7  8  9 10 11 12 |
---------------+-------------------------------------+-----
Transmutations | 3 4 5 6 8 9 |  9.0
Spellcasting   | 3 4 5 6 7 8 |  8.9
Fighting       | 2 4 7 8 10 | 10.3
Dodging        | 5 7 8 |  8.0
Unarmed Combat | 5 7 9 |  9.0
Hexes          | 2 |  2.1
Summonings     | 2 5 |  5.9
Ice Magic      | 2 4 |  4.0
Air Magic      | 2 |  2.0

Action                   |  1- 3 |  4- 6 |  7- 9 | 10-12 | 13-15 || total
-------------------------+-------+-------+-------+-------+-------++-------
Melee: Unarmed           |    81 |   133 |   346 |   822 |    14 ||  1396
       Constrict         |    21 |    27 |    29 |    45 |       ||   122
       Tentacles         |    17 |    22 |    28 |    41 |       ||   108
       Kick              |     2 |    11 |    16 |    10 |       ||    39
       Punch             |       |     1 |     1 |    12 |       ||    14
 Cast: Beastly Appendage |     1 |     4 |     7 |     7 |       ||    19
       Spider Form       |       |     4 |    22 |    32 |       ||    58
       Ice Form          |       |       |       |    15 |       ||    15
       Sticks to Snakes  |       |       |       |     2 |       ||     2
       Confusing Touch   |       |       |       |     1 |       ||     1
       Ozocubu's Armour  |       |       |       |     1 |       ||     1
Invok: Potion Petition   |       |       |       |     4 |       ||     4
Evoke: Wand              |       |       |     2 |       |       ||     2
  Use: Scroll            |       |     2 |     1 |     5 |     4 ||    12
       Potion            |       |     2 |     2 |     2 |       ||     6
 Stab: Sleeping          |     2 |     5 |     8 |     5 |       ||    20
       Distracted        |       |       |       |     3 |       ||     3
       Confused          |       |       |       |     1 |       ||     1
  Eat: Chunk             |     3 |    10 |     4 |       |       ||    17
       Ration            |       |       |     5 |    10 |       ||    15
Armor: Skin              |     3 |     9 |    11 |    47 |       ||    70
Dodge: Dodged            |    43 |    79 |   256 |   607 |    25 ||  1010

Table legend:
 A = Non-vault XP
 B = Vault XP
 C = Vault XP percentage of total XP
 D = Non-vault monster count
 E = Vault monster count
 F = Vault count percentage of total count
                 A         B        C        D         E       F
            +---------+---------+-------+---------+---------+-------
      Total |   23019 |    9279 |  28.7 |     269 |      53 |  16.5
            +---------+---------+-------+---------+---------+-------
        D:1 |      36 |       0 |   0.0 |      21 |       0 |   0.0
        D:2 |      58 |       0 |   0.0 |      20 |       0 |   0.0
        D:3 |     144 |      45 |  23.8 |      26 |       2 |   7.1
        D:4 |     365 |       0 |   0.0 |      13 |       0 |   0.0
        D:5 |     376 |     227 |  37.6 |       8 |       1 |  11.1
        D:6 |     864 |    1130 |  56.7 |      21 |       7 |  25.0
        D:7 |    1578 |       0 |   0.0 |      24 |       0 |   0.0
        D:8 |     618 |       0 |   0.0 |      18 |       0 |   0.0
        D:9 |    1766 |    3366 |  65.6 |      12 |      12 |  50.0
       D:10 |    4374 |    1362 |  23.7 |      40 |      12 |  23.1
       D:11 |     254 |       0 |   0.0 |       3 |       0 |   0.0
     Lair:1 |    1578 |       0 |   0.0 |       7 |       0 |   0.0
     Lair:2 |    1495 |    1480 |  49.7 |       9 |      13 |  59.1
     Lair:3 |    2663 |    1178 |  30.7 |      12 |       3 |  20.0
     Lair:4 |    1903 |     491 |  20.5 |       8 |       3 |  27.3
     Lair:6 |    4947 |       0 |   0.0 |      27 |       0 |   0.0
            +---------+---------+-------+---------+---------+-------
